AoeStats
← SlightlySaltedCamelCrisps

Arabia

505294423Analyzed
2v2 RM · 25d ago on Sep 8, 2026· 22m 33s· 4 players
Game mode
Random Map
Map size
Medium (4 player)
Population
200
Speed
Normal
Resources
Standard
Victory
Conquest
Starting age
Dark Age
Ending age
Imperial Age
RankedLock teamsTeams togetherTeam positionsShared explorationLock speedFull tech treeHidden civsTurbo modeCheats
Victory
Defeat
🇲🇽 Italians · Mexico
1189
+16
🇫🇷 Japanese · France
1183
+16
🇩🇪 Vietnamese · Germany
1179
-16
1179
-16
SlightlySaltedCamelCrisps
6:31 Loom
9:44 Feudal Age
10:46 Double-Bit Axe
10:51 Horse Collar
16:28 Gold Mining
18:54 Wheelbarrow
18:05 Town Watch
19:21 Fletching
jimima
3:28 Loom
7:25 Loom
10:48 Feudal Age
14:33 Double-Bit Axe
17:24 Fletching
17:35 Padded Archer Armor
19:38 Horse Collar
23:19 Castle Age
22:20 Gold Mining
22:25 Stone Mining
°-° spoubpak
7:44 Loom
10:43 Feudal Age
11:05 Man-at-Arms
17:26 Horse Collar
18:04 Scale Mail Armor
24:23 Castle Age
22:15 Double-Bit Axe
NARIO226807
2:32 Loom
9:15 Feudal Age
15:45 Fletching
21:11 Castle Age
21:17 Padded Archer Armor
21:51 Bodkin Arrow
21:18 Crossbowman
Connection lost

Rejoining the realm…

Still unreachable

The connection could not be restored.

Session expired

The server has moved on; the page needs a fresh start.